 Dungeon Crawl Stone Soup version 0.27.1-1-g398f81649c (webtiles) character file.

Game seed: 6918317437209071490

3593 Metae the Protected (level 9, -2/82 HPs)
             Began as a Minotaur Fighter on Sept 10, 2021.
             Was a Follower of the Shining One.
             Slain by a yak (13 damage)
             ... on level 6 of the Dungeon.
             The game lasted 00:14:04 (5614 turns).

Metae the Protected (Minotaur Fighter)              Turns: 5614, Time: 00:14:05

Health: -2/82      AC: 11    Str: 24    XL:     9   Next: 85%
Magic:  10/10      EV:  8    Int:  5    God:    the Shining One [*.....]
Gold:   173        SH: 11    Dex: 10    Spells: 8/8 levels left

rFire    . . .     SeeInvis +   a - +0 trident
rCold    . . .     Faith    .   c - +0 kite shield
rNeg     + . .     Spirit   .   b - +0 scale mail
rPois    +         Reflect  .   (helmet restricted)
rElec    .         Harm     .   u - +0 cloak {rPois}
rCorr    .         Rampage  .   (no gloves)
Will     .....                  x - +0 pair of boots
Stlth    ..........             (no amulet)
HPRegen  0.23/turn              p - ring of positive energy
MPRegen  0.12/turn              d - ring of see invisible

@: glowing
A: horns 2, retaliatory headbutt
a: Renounce Religion


You were on level 6 of the Dungeon.
You worshipped the Shining One.
The Shining One was aware of your devotion.
You visited 1 branch of the dungeon, and saw 6 of its levels.

You collected 228 gold pieces.
You spent 55 gold pieces at shops.

Inventory:

Hand Weapons
 a - a +0 trident (weapon)
Missiles
 s - 72 stones (quivered)
Armour
 b - a +0 scale mail (worn)
 c - a +0 kite shield (worn)
 m - a +0 pair of gloves
 o - a +0 cloak
 u - a +0 cloak of poison resistance (worn)
 x - a +0 pair of boots (worn)
Magical Staves
 y - a staff of air
Jewellery
 d - a ring of see invisible (right hand)
 p - a ring of positive energy (left hand)
Wands
 n - a wand of paralysis (12)
 C - a wand of iceblast (9)
Scrolls
 e - 2 scrolls of noise
 f - 2 scrolls of enchant weapon
 g - a scroll of summoning {unknown}
 i - a scroll of teleportation {unknown}
 k - a scroll of blinking {unknown}
 l - a scroll of enchant armour {unknown}
 q - 2 scrolls of immolation {unknown}
 r - 4 scrolls of amnesia {unknown}
 t - 2 scrolls of identify
 A - a scroll of vulnerability {unknown}
 B - a scroll of holy word {unknown}
Potions
 h - a potion of brilliance
 j - a potion of lignification
 v - 3 potions of heal wounds
 w - a potion of magic {unknown}
 z - a potion of mutation {unknown}


   Skills:
 + Level 8.9 Fighting
 + Level 8.4 Polearms
 + Level 8.9 Armour
 + Level 8.9 Shields
 + Level 3.9 Invocations


You had 8 spell levels left.
You didn't know any spells.
Your spell library contained the following spells:

 Spells                   Type           Power      Damage    Failure   Level
 Fulminant Prism          Conj/Hex       0%         3d6       100%        4
 Iskenderun's Mystic Bla  Conj/Tloc      0%         2d3       100%        4
 Lee's Rapid Deconstruct  Erth           0%         3d5*      100%        5


Dungeon Overview and Level Annotations

Branches:
Dungeon (6/15)             Temple (0/1) D:6

Altars:
Ashenzari
Cheibriados
Elyvilon
Kikubaaqudgha
The Shining One

Shops:
D:1 (*[   D:6 !

Annotations:
D:3 3 runed translucent doors, nuka's ghost, amateur GrFi


Innate Abilities, Weirdness & Mutations

You have a pair of horns on your head.
You reflexively headbutt those who attack you in melee.


Message History

You headbutt the ufetubus, but do no damage.
The ufetubus hits you but does no damage.
You hit the yak but do no damage.
The yak is lightly wounded.
The ufetubus hits you but does no damage.
The ufetubus barely misses you. You block the yak's attack.
You hit the yak but do no damage.
The yak is lightly wounded.
The ufetubus completely misses you. The ufetubus barely misses you.
You block the yak's attack.
The ufetubus hits you but does no damage.
The ufetubus barely misses you.
You hit the yak.
The yak is lightly wounded.
You block the ufetubus's attack.
The ufetubus hits you but does no damage.
You block the yak's attack.
You hit the ufetubus.
The ufetubus is moderately wounded.
The ufetubus barely misses you. You furiously retaliate!
You headbutt the ufetubus!
You kill the ufetubus!
The Shining One accepts your kill.
You and your allies can now gain power from killing the unholy and evil.
The yak gores you!
* * * LOW HITPOINT WARNING * * *
You hit the yak.
The yak is moderately wounded.
The yak gores you but does no damage.
You hit the yak. You headbutt the yak, but do no damage.
The yak is moderately wounded.
The yak gores you!
* * * LOW HITPOINT WARNING * * *
You barely miss the yak. Your headbutt misses the yak.
The yak is moderately wounded.
The yak gores you but does no damage.
You hit the yak.
The yak is heavily wounded.
The yak gores you!
You die...

#.###......# ..####....# #.....
..# ##...## ..## (.... ..... ..#
.#.... .# .... ...#. ..# #......
... ..... #.## ..... ##.# .....
...## ....[. ##..# ... ....##
......# ###...# . ......##
......†##.....# .# ..###....
#Y@..#...####..# ##.##....
###†.........#.# #.#......
.........#......# .##......
.........#...#..#
..........≈.....#....#...#.#####
..............###...####........
.[............##.....###......>.
..........#....................#
..........#.......<..............


You could see a yak.

Vanquished Creatures
  15 yaks
  An ice beast (D:6)
  2 necrophages
  2 centaurs
  An ogre (D:3)
  2 phantoms
  A scorpion (D:5)
  2 orc priests
  7 hounds
  A bullfrog skeleton (D:5)
  An iguana (D:4)
  Crazy Yiuf (D:4)
  3 orc wizards
  9 gnolls
  8 adders
  2 white imps
  An ufetubus (D:6)
  2 adder skeletons (D:4)
  A worm (D:3)
  3 dart slugs
  13 orcs
  12 endoplasms
  2 giant cockroaches
  3 hobgoblins
  4 quokkas
  2 ball pythons
  3 bats
  3 frilled lizards
  7 goblins
  A goblin skeleton (D:5)
  A goblin zombie (D:5)
  6 kobolds
  A kobold zombie (D:5)
  An orc skeleton (D:5)
  5 rats
129 creatures vanquished.

Notes
Turn   | Place    | Note
-------+----------+-------------------------------------------
     0 | D:1      | Metae the Minotaur Fighter began the quest for the Orb.
     0 | D:1      | Reached XP level 1. HP: 19/19 MP: 0/0
    73 | D:1      | Found Niuhitun's Antique Armour Shoppe.
    98 | D:1      | Found a faded altar of an unknown god.
   223 | D:1      | Reached XP level 2. HP: 25/27 MP: 1/1
   260 | D:1      | Found Ojito's Antique Weapon Emporium.
   410 | D:1      | Found Kucres's Assorted Antiques.
   415 | D:1      | Reached XP level 3. HP: 33/33 MP: 2/2
  1041 | D:2      | Found a snail-covered altar of Cheibriados.
  1211 | D:3      | Noticed a necrophage
  1214 | D:3      | Noticed an ogre
  1218 | D:3      | Killed a necrophage
  1219 | D:3      | Reached XP level 4. HP: 41/41 MP: 3/3
  1219 | D:3      | Reached XP level 5. HP: 47/47 MP: 4/4
  1227 | D:3      | Killed an ogre
  1228 | D:3      | Reached skill level 5 in Fighting
  1228 | D:3      | Reached skill level 5 in Armour
  1321 | D:3      | Reached skill level 5 in Shields
  1396 | D:3      | Found a runed translucent gate.
  1396 | D:3      | Found a runed translucent gate.
  1396 | D:3      | Found a runed translucent gate.
  1401 | D:3      | Noticed nuka's ghost (amateur GrFi)
  1611 | D:3      | Reached XP level 6. HP: 36/56 MP: 5/5
  2102 | D:4      | Found a runed translucent door.
  2103 | D:4      | Noticed Crazy Yiuf
  2255 | D:4      | Reached XP level 7. HP: 62/62 MP: 6/6
  2282 | D:4      | Reached skill level 5 in Polearms
  2314 | D:4      | Found a broken altar of Ashenzari.
  2841 | D:4      | Killed Crazy Yiuf
  2975 | D:5      | Entered Level 5 of the Dungeon
  3036 | D:5      | Found a glowing golden altar of the Shining One.
  3093 | D:5      | Became a worshipper of the Shining One
  3171 | D:5      | Found an ancient bone altar of Kikubaaqudgha.
  3181 | D:5      | Noticed a yak
  3185 | D:5      | Noticed a yak
  3187 | D:5      | Noticed a yak
  3190 | D:5      | Killed a yak
  3190 | D:5      | Noticed a yak
  3190 | D:5      | Noticed a yak
  3191 | D:5      | Reached XP level 8. HP: 58/71 MP: 7/7
  3628 | D:5      | HP: 2/73 [yak (9)]
  3632 | D:5      | Reached skill level 1 in Invocations
  4275 | D:5      | Reached XP level 9. HP: 68/81 MP: 9/9
  4686 | D:5      | Identified the +0 leather armour "Mosaf" {rF++ Int+4}
  5002 | D:6      | Found a staircase to the Ecumenical Temple.
  5466 | D:6      | Found a white marble altar of Elyvilon.
  5529 | D:6      | Found Gyheddagomp's Distillery.
  5545 | D:6      | Bought a potion of heal wounds for 55 gold pieces
  5610 | D:6      | Reached * piety under the Shining One
  5614 | D:6      | Slain by a yak

Illustrated notes

Levels and vault maps discovered:
D:1:      matt_arrival_los_fun, layout_rooms, chequers_ecumenical_altar_twisty,
          serial_shops, nicolae_shop_overgrown_old_shop,
          nicolae_shop_statue_plus, shop, nrook_mini_backslash,
          chequers_serial_rivers_large_a
D:2:      layout_loops_cross, basic_altar
D:3:      layout_rooms, gammafunk_ghost_necromancy
D:4:      layout_rooms, nicolae_ashenzari_skybound, uniq_crazy_yiuf_cottage
D:5:      layout_basic, nicolae_tso_besieged_by_evil, kiku_gazebo_pond_becter,
          hangedman_abyss_or_decor_stagger
D:6:      layout_layer_cave, mainiacjoe_overflow_boulevard,
          minmay_temple_entry_slanted, serial_shops, nicolae_shop_waterfront,
          kennysheep_another_room

Skill      XL: |  1  2  3  4  5  6  7  8  9 |
---------------+----------------------------+-----
Fighting       | 4 5 6 7 8 |  8.9
Armour         | 4 5 6 7 8 |  8.9
Shields        | 4 5 6 7 8 |  8.9
Polearms       | 3 4 6 7 8 |  8.4
Invocations    | 1 3 |  3.9

Action                   |  1- 3 |  4- 6 |  7- 9 || total
-------------------------+-------+-------+-------++-------
Melee: Trident           |    88 |    78 |   262 ||   428
       Headbutt          |    17 |    13 |    65 ||    95
Evoke: Wand              |       |       |     1 ||     1
  Use: Scroll            |       |     2 |     3 ||     5
       Potion            |       |     1 |     2 ||     3
Armor: Scale mail        |    28 |    24 |    74 ||   126
Dodge: Dodged            |    10 |    20 |    72 ||   102
Block: Kite shield       |    21 |    35 |   126 ||   182
